 Dungeon Crawl Stone Soup version 0.31-a0-4-gefa6de2278 (webtiles) character file.

Game seed: 875927024211721875

1136 GigaChad the Chopper (level 8, 0/63 HPs)
             Began as a Formicid Fighter on May 3, 2023.
             Was a Believer of Okawaru.
             Slain by a yak (12 damage)
             ... on level 7 of the Dungeon.
             The game lasted 00:10:00 (5286 turns).

GigaChad the Chopper (Formicid Fighter)             Turns: 5286, Time: 00:10:00

Health: 0/63       AC: 14    Str: 22    XL:     8   Next: 63%
Magic:  8/8        EV:  6    Int:  9    God:    Okawaru [**....]
Gold:   206        SH:  5    Dex: 13    Spells: 7/7 levels left

rFire   . . .        a - +3 war axe
rCold   . . .        c - +0 buckler
rNeg    . . .        x - +0 plate armour
rPois   .            (helmet unavailable)
rElec   .            y - +0 cloak
rCorr   .            (no gloves)
SInv    +            (no boots)
Will    .....        (no amulet) Stlth
                     (no ring)
HPRegen 0.30/turn    (no ring)
MPRegen 0.11/turn

%: no passive effects
@: no status effects
A: permanent stasis, dig shafts and tunnels, antennae 3, four strong arms
a: Dig, Shaft Self, Renounce Religion, Heroism


You were on level 7 of the Dungeon.
You worshipped Okawaru.
Okawaru was pleased with you.
You visited 1 branch of the dungeon, and saw 7 of its levels.
You also visited: Sewer.

You collected 206 gold pieces.

Inventory:

Hand Weapons
 a - a +3 war axe (weapon)
 b - a +1 spear of flaming
 q - the +8 hand axe of Ryleapad {holy, Will+}
   (You found it on level 2 of the Dungeon)

   Will:      It increases your willpower.
Armour
 c - a +0 buckler (worn)
 x - a +0 plate armour (worn)
 y - a +0 cloak (worn)
Jewellery
 p - a ring of protection from cold
Scrolls
 e - a scroll of fog
 l - a scroll of immolation {unknown}
 m - 2 scrolls of noise
 n - a scroll of magic mapping
 t - a scroll of brand weapon {unknown}
 w - a scroll of amnesia
Potions
 d - 3 potions of might
 f - 2 potions of cancellation {unknown}
 g - 4 potions of heal wounds {unknown}
 h - a potion of ambrosia {unknown}
 i - a potion of curing {unknown}
 j - 3 potions of degeneration {unknown}
 k - a potion of attraction {unknown}
 o - 3 potions of brilliance {unknown}
 r - a potion of lignification {unknown}
 s - 2 potions of mutation {unknown}
 u - 2 potions of magic {unknown}
 v - 2 potions of invisibility {unknown}


   Skills:
 * Level 5.4 Fighting
 * Level 6.7 Axes
 * Level 6.1 Armour
 + Level 1.1 Dodging
 * Level 5.7 Shields


You had 7 spell levels left.
You didn't know any spells.
Your spell library contained the following spells:

 Spells                   Type           Power      Damage    Failure   Level
 Necrotise                Necr           0%         1d4       100%        1
 Passwall                 Tmut/Erth      0%         N/A       100%        2
 Static Discharge         Conj/Air       0%         2-2/arc   100%        2
 Sublimation of Blood     Necr           0%         N/A       100%        2
 Gell's Gravitas          Tloc           0%         N/A       100%        3
 Stone Arrow              Conj/Erth      0%         3d7       100%        3
 Teleport Other           Tloc           0%         N/A       100%        3
 Vampiric Draining        Necr           0%         2d6       100%        3
 Anguish                  Hex/Necr       0%         N/A       100%        4
 Petrify                  Tmut/Erth      0%         N/A       100%        4
 Agony                    Necr           0%         N/A       100%        5
 Irradiate                Conj/Tmut      0%         3d11      100%        5
 Dispersal                Tloc           0%         N/A       100%        6
 Enfeeble                 Hex            0%         N/A       100%        7


Dungeon Overview and Level Annotations

Branches:
Dungeon (6/15)             Temple (0/1) D:7           Sewer (visited)

Altars:
Elyvilon
Gozag
Okawaru
Qazlal
Xom
Yredelemnul

Shops:
D:3 [

Annotations:
D:5 Dowan, Duvessa


Innate Abilities, Weirdness & Mutations

You cannot be hasted, slowed, berserked, paralysed or teleported.
You can dig through walls and to a lower floor.
You have a pair of large antennae on your head. (SInv)
Your four strong arms can wield two-handed weapons with a shield.


Message History

You hit the centaur.
The centaur is severely wounded.
You hit the yak. You hit the yak but do no damage.
The centaur closely misses you.
The centaur kicks you but does no damage.
The yak barely misses you. The yak gores you but does no damage.
The centaur hits you. You block the centaur's attack.
You slash the centaur!
You kill the centaur!
Okawaru accepts your kill.
You barely miss the yak. You hit the yak. The yak gores you!
You block the yak's attack.
Unknown command.
You hit the yak.
The yak is lightly wounded.
You hit the yak but do no damage. You hit the yak.
A yak comes into view.
The yak gores you but does no damage. The yak barely misses you.
The yak gores you! The yak barely misses you.
The yak gores you but does no damage. The yak gores you.
The yak bellows!
You slash the yak!
The yak is moderately wounded.
You hit the yak. x2
You hear a bellow!
The yak gores you!
* * * LOW HITPOINT WARNING * * *
You block the yak's attack. The yak gores you.
* * * LOW HITPOINT WARNING * * *
You hear a bellow!
You hit the yak.
The yak is heavily wounded.
You closely miss the yak. You slash the yak! You block the yak's attack.
The yak gores you but does no damage.
You slash the yak!
The yak is heavily wounded.
You slash the yak! You barely miss the yak. The yak gores you.
* * * LOW HITPOINT WARNING * * *
The yak closely misses you. The yak gores you!
You die...

#......## ..#
##.......# #.#
.Y######........####..#
.{.{........#....##..#
#..{...........#.....#
#..####'####..####..##
. #.......#.## ##.#
#...YY..#.# #..#
+...Y@Y.#.# #..#
#.......#.# #...
#.......# ...##
####+#### ..## ..#


You could see 4 yaks.

Vanquished Creatures
  Eustachio (D:4)
  Menkaure (D:4)
  A black bear (D:4)
  A centaur (D:7)
  A phantom (D:6)
  A scorpion (D:4)
  2 orc priests (D:6)
  A gnoll bouda (D:4)
  A hound (D:4)
  2 iguanas
  A sleepcap (D:6)
  Jessica (D:2)
  An orc wizard (D:6)
  Natasha (twice) (D:4)
  3 gnolls (D:4)
  5 river rats (Sewer)
  8 adders
  A worm (D:3)
  8 dart slugs
  7 orcs
  9 endoplasms
  6 giant cockroaches
  7 goblins
  9 hobgoblins
  8 quokkas
  12 ball pythons
  3 bats
  2 frilled lizards
  21 kobolds
  20 rats
146 creatures vanquished.

Notes
Turn   | Place    | Note
-------+----------+-------------------------------------------
     0 | D:1      | GigaChad the Formicid Fighter began the quest for the Orb.
     0 | D:1      | Reached XP level 1. HP: 18/18 MP: 1/1
   150 | D:1      | Reached XP level 2. HP: 23/24 MP: 2/2
   534 | D:1      | Reached XP level 3. HP: 29/29 MP: 3/3
  1112 | D:2      | Reached XP level 4. HP: 26/37 MP: 4/4
  1434 | D:2      | Identified the +8 hand axe of Ryleapad {holy, Will+}
  1659 | D:2      | Noticed Jessica
  1668 | D:2      | Killed Jessica
  1669 | D:2      | Reached XP level 5. HP: 26/42 MP: 5/5
  2016 | D:3      | Found a glowing drain.
  2043 | Sewer    | Entered a sewer
  2317 | Sewer    | Reached XP level 6. HP: 48/48 MP: 6/6
  2663 | D:3      | Found an opulent altar of Gozag.
  2666 | D:3      | Found a white marble altar of Elyvilon.
  2666 | D:3      | Found an iron altar of Okawaru.
  2681 | D:3      | Became a worshipper of Warmaster Okawaru
  2738 | D:3      | Found Ethref's Antique Armour Shoppe.
  3125 | D:3      | Found a basalt altar of Yredelemnul.
  3366 | D:4      | Found a stormy altar of Qazlal.
  3491 | D:4      | Reached skill level 5 in Shields
  3501 | D:4      | Noticed Natasha
  3504 | D:4      | Killed Natasha
  3505 | D:4      | Reached skill level 5 in Axes
  3511 | D:4      | Reached XP level 7. HP: 40/54 MP: 7/7
  3693 | D:4      | Reached skill level 5 in Armour
  3767 | D:4      | Got the Folio of the Breezy Lithosphere
  3823 | D:4      | Found a shimmering altar of Xom.
  3887 | D:4      | Noticed Menkaure
  3892 | D:4      | Killed Menkaure
  3892 | D:4      | Reached * piety under Okawaru
  3986 | D:4      | Noticed Natasha
  3990 | D:4      | Killed Natasha
  4175 | D:4      | Noticed Eustachio
  4191 | D:4      | Killed Eustachio
  4192 | D:4      | Reached XP level 8. HP: 54/61 MP: 8/8
  4304 | D:5      | Entered Level 5 of the Dungeon
  4345 | D:5      | Noticed Duvessa
  4346 | D:5      | Noticed Dowan
  4357 | D:5      | You fall into a shaft and drop 1 floor!
  4846 | D:6      | Reached ** piety under Okawaru
  4883 | D:6      | Reached skill level 5 in Fighting
  4886 | D:6      | Reached skill level 1 in Dodging
  5243 | D:6      | You fall into a shaft and drop 1 floor!
  5271 | D:7      | Noticed a yak
  5271 | D:7      | Noticed a yak
  5273 | D:7      | Found a staircase to the Ecumenical Temple.
  5273 | D:7      | Noticed a yak
  5283 | D:7      | Noticed a yak
  5286 | D:7      | Slain by a yak

Illustrated notes

Levels and vault maps discovered:
D:1:      erik_arrival_triangle_large, layout_basic
D:2:      layout_basic, minmay_tetromino_i4, uniq_jessica
D:3:      layout_loops_cross, chequers_temple_overflow_statue_of_worship,
          mainiacjoe_overflow_alcove_1, cheibrodos_sewer_entry_sluice,
          serial_shops, shop
D:4:      layout_loops_corners, mainiacjoe_overflow_tiny_flanked,
          marbit_many_paths, nicolae_overflow_hidden_temple, uniq_natasha,
          uniq_menkaure, uniq_eustachio
D:5:      layout_basic, hangedman_abyss_or_decor_stagger, uniq_grinder,
          uniq_ijyb, uniq_duvessa
D:6:      layout_cave_pods, nzn_overflow_gifts_of_might_and_magic
D:7:      layout_layer_cave, temple_green

Skill      XL: |  1  2  3  4  5  6  7  8 |
---------------+-------------------------+-----
Armour         | 4 5 6 |  6.1
Axes           | 3 4 5 6 |  6.7
Fighting       | 4 5 |  5.4
Shields        | 5 |  5.7
Dodging        | 1 |  1.1

Action                     |  1- 3 |  4- 6 |  7- 9 || total
---------------------------+-------+-------+-------++-------
  Melee: War axe           |    59 |    53 |    37 ||   149
         Hand axe          |       |   124 |    50 ||   174
Ability: Dig               |       |     1 |       ||     1
         Shaft Self        |       |       |     1 ||     1
    Use: Scroll            |     4 |     5 |       ||     9
 Armour: Scale mail        |    19 |    59 |       ||    78
         Plate armour      |       |    11 |    60 ||    71
  Dodge: Dodged            |    23 |    82 |    20 ||   125
  Block: Buckler           |    14 |    39 |    30 ||    83

Table legend: (Time is in decaauts)
 A = Elapsed time spent in this place.
 B = Non-inter-level travel time spent in this place.
 C = Inter-level travel time spent in this place.
 D = Time resting spent in this place.
 E = Time spent auto-exploring this place.
 F = Levels seen in this place.
 G = Mean time per level.
                   A        B        C        D        E       F      G
               +--------+--------+--------+--------+--------+-----+--------+
         Total |   5369 |   5238 |    131 |    751 |   3322 |   8 |  671.1 |
       Dungeon |   4752 |   4621 |    131 |    751 |   2874 |   7 |  678.9 |
         Sewer |    616 |    616 |      0 |      0 |    448 |   1 |  616.0 |
               +--------+--------+--------+--------+--------+-----+--------+

Top non-repeatable levels by time:
     D:1: 1047 daAuts
     D:4: 1008 daAuts
     D:2: 972 daAuts
     D:6: 890 daAuts
     D:3: 736 daAuts
   Sewer: 616 daAuts
     D:5: 52 daAuts
     D:7: 44 daAuts
